← All builds
Pond / Legion / Economy first / OBSERVED BUILD

Standard pond

Legion Pond builds its bot lab by 3:45, boosts front and tidals, then adds a shipyard around 8:25 and an advanced metal extractor by 9:11, transitioning into seaplane gunships and other bots to keep helping the front hold until team T2.

#eco #team support · 11 distinct matches · 6 players · 52% of Legion Pond games · team won 67% of 12 · Recently observed

THE CATCH, AND WHAT COMES WITH IT
  • EnyoEnyo in 42%17% of all Pond games by then

Then transitions into Goblin (22% of army), Enyo (19% of army), Satyr (12% of army).

HOW TO PLAY IT

Key timing: Legion Bot Lab by 3:54

  1. Build tidal generators and mex first to fund boosting.
  2. Boost fronts with wind or tidal, adjusting to their wind level.
  3. Get a Legion Bot Lab up around 3:54 for your own units.
  4. Send Goblins, Enyos, Satyrs and Karkinos to reinforce front.
  5. Upgrade a mex to Advanced Metal Extractor as tech kicks in.

Phase by phase

TYPICAL OF ITS 11 GAMES
  1. 1
  2. 2
  3. 3
  4. 4
PLAY THE OPENING

Follow the example game's first 6:00 step by step: what to build now, what comes next, and where it goes. At 1× it keeps pace with your own game.

  1. 1

    Up to the Legion Bot Lab

    Economy
    • Metal Extractor4Mex
    • Tidal Generator8Tidalfor allies
    • Wind Turbine6Wind
    Order
    1. Legion Bot LabLegion Bot Lab after 4 mex, 6 wind, 1 energy storagedone ~3:45, middle half 3:12–6:56

    Some games also: energy storage (50%) · tidal (50%)

    By 3:20 in all: 4 mex · 6 wind

    The example game in this phase · 7 steps
    1. Tidal ×8for Suicide front
    2. Wind
    3. Mex ×4
    4. Wind ×2
    5. Energy storage
    6. Wind ×4
    7. Legion Bot LabLegion Bot Labdone 3:58 · typical 3:45
  2. 2

    Legion Bot Lab to 5:00

    Some games also: Legion Construction Bot (50%) · wind (42%)

    By 5:00 in all: 4 mex · 10 wind · 1 tidal · 1 energy storage

    The example game in this phase · 7 steps
    1. Energy storage
    2. Legion Construction BotLegion Construction Bot
    3. ZagreusZagreus
    4. Legion Construction BotLegion Construction Bot ×2
    5. Con turret
    6. Legion Construction BotLegion Construction Bot ×2
    7. Wind
  3. 3

    5:00 to Shipyard

    Economy
    • Wind Turbine13Wind
    Order
    1. ShipyardShipyard after 4 mex, 14 wind, 1 energy storagedone ~8:25, middle half 5:10–11:20
    Builders
    • Legion Construction Bot2 Legion Construction Bot

    Some games also: Goblin (42%) · converter (42%)

    By 8:10 in all: 4 mex · 21 wind · 1 tidal · 2 converter · 1 energy storage

    The example game in this phase · 17 steps
    1. Converter
    2. Legion Construction BotLegion Construction Bot
    3. Converter
    4. Wind ×2
    5. Legion Construction BotLegion Construction Bot
    6. Converter
    7. Wind
    8. Converter
    9. Legion Construction BotLegion Construction Bot
    10. Wind
    11. Converter
    12. Wind ×2
    13. Converter
    14. Wind ×2
    15. Converter
    16. Wind ×2
    17. ShipyardShipyarddone 6:15 · typical 8:25
  4. 4

    Shipyard to 10:00

    Some games also: wind (42%) · con turret (33%) · converter (33%)

    By 10:00 in all: 4 mex · 26 wind · 1 tidal · 6 converter · 1 energy storage · 1 con turret

    The example game in this phase · 224 steps
    1. Wind ×2
    2. Legion Construction BotLegion Construction Bot
    3. Wind ×2
    4. Converter
    5. Construction ShipCon ship
    6. Wind ×4
    7. Converter
    8. Offshore Seaplane PlatformOffshore Seaplane Platformdone 8:37
    9. Wind ×2
    10. Legion Bot LabLegion Bot Labdone 7:03
    11. Wind ×3
    12. Converter
    13. Wind ×3
    14. SatyrSatyr ×2
    15. Wind
    16. Converter
    17. Wind ×2
    18. SatyrSatyr
    19. Wind ×3
    20. Converter
    21. Wind ×2
    22. SatyrSatyr
    23. Wind
    24. Converter
    25. SatyrSatyr
    26. Radar TowerRadar Tower
    27. Converter
    28. SatyrSatyr
    29. Dragon's TeethDragon's Teeth ×2
    30. SatyrSatyr
    31. Dragon's TeethDragon's Teeth ×3
    32. SatyrSatyr
    33. Converter
    34. Dragon's TeethDragon's Teeth
    35. SatyrSatyr ×2
    36. PharosPharos
    37. SatyrSatyr
    38. Converter
    39. SatyrSatyr
    40. Advanced Metal ExtractorT2 mexdone 9:42
    41. SatyrSatyr ×3
    42. Converter
    43. SatyrSatyr ×4
    44. Converter
    45. SatyrSatyr
    46. Dragon's TeethDragon's Teeth ×3
    47. GoblinGoblin
    48. Dragon's TeethDragon's Teeth
    49. Converter
    50. Dragon's TeethDragon's Teeth
    51. GoblinGoblin
    52. Dragon's TeethDragon's Teeth ×2
    53. GoblinGoblin
    54. Advanced Metal ExtractorT2 mex
    55. Dragon's TeethDragon's Teeth
    56. GoblinGoblin
    57. Dragon's TeethDragon's Teeth
    58. GoblinGoblin ×2
    59. Converter
    60. GoblinGoblin ×5
    61. Converter
    62. GoblinGoblin ×2
    63. PharosPharos
    64. GoblinGoblin ×4
    65. Converter
    66. GoblinGoblin
    67. Dragon's TeethDragon's Teeth
    68. GoblinGoblin
    69. Dragon's TeethDragon's Teeth
    70. Advanced Metal ExtractorT2 mex
    71. GoblinGoblin
    72. Dragon's TeethDragon's Teeth
    73. GoblinGoblin
    74. Dragon's TeethDragon's Teeth
    75. GoblinGoblin
    76. Dragon's TeethDragon's Teeth
    77. Converter
    78. GoblinGoblin ×5
    79. Wind
    80. GoblinGoblin
    81. Wind
    82. Converter
    83. GoblinGoblin
    84. Wind
    85. GoblinGoblin
    86. Wind
    87. GoblinGoblin
    88. Wind
    89. GoblinGoblin
    90. Wind
    91. GoblinGoblin
    92. Converter
    93. Wind
    94. GoblinGoblin
    95. Con turret
    96. Wind
    97. GoblinGoblin
    98. Wind
    99. GoblinGoblin
    100. Naval Construction Turret
    101. GoblinGoblin
    102. Wind ×2
    103. GoblinGoblin
    104. Converter
    105. Wind
    106. GoblinGoblin
    107. Wind ×2
    108. GoblinGoblin
    109. Con turret
    110. Wind
    111. GoblinGoblin
    112. Advanced Metal ExtractorT2 mex
    113. Converter
    114. Wind
    115. GoblinGoblin
    116. Wind
    117. GoblinGoblin
    118. Wind
    119. Con turret
    120. GoblinGoblin
    121. Wind
    122. Con turret
    123. Wind
    124. GoblinGoblin
    125. Naval Construction Turret
    126. Wind
    127. Converter
    128. GoblinGoblin
    129. Wind
    130. Con turret
    131. Wind
    132. Legion Bot LabLegion Bot Labdone 12:53
    133. GoblinGoblin
    134. Con turret
    135. Wind
    136. GoblinGoblin ×2
    137. Wind
    138. GoblinGoblin
    139. Naval Construction Turret
    140. Converter
    141. Wind
    142. GoblinGoblin
    143. Wind
    144. GoblinGoblin ×4
    145. Wind
    146. GoblinGoblin ×3
    147. Wind
    148. GoblinGoblin
    149. Naval Construction Turret
    150. Wind
    151. GoblinGoblin ×3
    152. Converter
    153. GoblinGoblin ×2
    154. Wind
    155. GoblinGoblin ×3
    156. Wind
    157. GoblinGoblin ×2
    158. Wind
    159. GoblinGoblin ×6
    160. Converter
    161. Wind
    162. GoblinGoblin ×4
    163. Wind
    164. GoblinGoblin
    165. Converter
    166. GoblinGoblin
    167. EnyoEnyo
    168. GoblinGoblin
    169. Wind
    170. EnyoEnyo
    171. GoblinGoblin ×6
    172. Wind
    173. GoblinGoblin
    174. Converter
    175. GoblinGoblin ×3
    176. Wind
    177. GoblinGoblin ×2
    178. Wind
    179. GoblinGoblin ×4
    180. Wind
    181. GoblinGoblin ×3
    182. Wind
    183. GoblinGoblin ×2
    184. EnyoEnyo
    185. Wind
    186. GoblinGoblin ×2
    187. Converter
    188. GoblinGoblin
    189. ToxotaiToxotai ×2
    190. Wind
    191. ToxotaiToxotai
    192. Wind
    193. ToxotaiToxotai
    194. Wind
    195. ToxotaiToxotai ×2
    196. Wind
    197. ToxotaiToxotai
    198. Wind
    199. Converter
    200. ToxotaiToxotai
    201. Wind
    202. ZagreusZagreus ×2
    203. EnyoEnyo
    204. Wind
    205. ToxotaiToxotai
    206. Wind
    207. ToxotaiToxotai
    208. Wind
    209. GoblinGoblin ×3
    210. Wind
    211. GoblinGoblin ×3
    212. Wind
    213. GoblinGoblin ×3
    214. Wind
    215. GoblinGoblin ×2
    216. AegisAegisnot finished by 15:00
    217. GoblinGoblin
    218. Converter
    219. EnyoEnyo
    220. Wind
    221. GoblinGoblin ×2
    222. Wind ×2
    223. GoblinGoblin ×3
    224. Wind

Counts are medians over the build's games: half of them build more, half fewer. The example game is EpicTyrannus's (38 OS, 30/08/2026); pick another.

Team trades

IN AT LEAST 30% OF ITS GAMES

You hand over

  • Tidal Generator8 Tidal to Suicide front or Frontfirst at 0:13 · in 92% of games

You get

  • Gunslinger1 Gunslinger from Tech or Suicide frontfirst at 5:20 · in 33% of games
  • Advanced Construction Bot1 T2 con bot from Tech or Geofirst at 7:59 · in 92% of games

How it plays out

Typical game of this build, running totals by minute

Metal produced

010k20k
0:005:0010:0015:00

metal

Enemy metal destroyed

02.5k5k7.5k
0:005:0010:0015:00

metal

Own metal lost

01k2k3k
0:005:0010:0015:00

metal

12 games.

Show as table
ByMetal produced: This buildEnemy metal destroyed: This buildOwn metal lost: This build
1:0011500
2:0028100
3:0084300
4:00151100
5:00224900
6:00313200
7:003946750
8:0047173000
9:006022647110
10:0074911400315
11:0092062529650
12:001138130371247
13:001433657121642
14:001686857921927
15:001848762442617
WHAT THE NUMBERS SAY

Standard Pond wins 62% of games while producing the least metal of the sampled roles, reflecting its support-first job.

  • + Zero own metal lost by 10:00 shown at 0, indicating very low early risk.
  • − Lowest 15:00 metal production of all sampled builds, only 18689.
THE EXAMPLE YOU ARE READING

EpicTyrannus

37.6 OS · 30/08/2026

Open source match ↗

1 received units · includes a constructor
582 metal received · 134223 energy received

Allied construction assistance is unknown. Timings are observations, not a promise of solo reproducibility.

Typical milestones

Legion Bot Lab3:45Middle 50%: 3:12–6:56 · n=10
Shipyard8:25Middle 50%: 5:10–11:20 · n=6
Advanced Metal Extractor9:11Middle 50%: 8:35–9:35 · n=10

Played most by

Boozha5games of this buildViltrum3games of this build[BS]Hellzie1game of this buildDRM1game of this buildEpicTyrannus1game of this build